 Dungeon Crawl Stone Soup version 0.25-a0-62-g88673ef095 (webtiles) character file.

Game seed: 14147558093162511226, levelgen mode: deterministic

1286 D1HalberdGnoll the Covert (level 8, -8/49 HPs)
             Began as a Kobold Arcane Marksman on Oct 30, 2019.
             Killed by divine providence
             ... invoked by an orc priest
              (16 damage)
             ... on level 6 of the Dungeon.
             The game lasted 00:07:25 (5349 turns).

D1HalberdGnoll the Covert (Kobold Arcane Marksman)  Turns: 5349, Time: 00:07:25

Health: -8/49      AC: 10    Str:  9    XL:     8   Next: 85%
Magic:  9/9        EV: 17    Int: 14    God:
Gold:   225        SH:  0    Dex: 16    Spells: 8/9 levels left

rFire    . . .     SeeInvis .   b - +0 dagger (venom)
rCold    . . .     Gourm    .   (shield restricted)
rNeg     . . .     Faith    .   g - +1 troll leather armour
rPois    .         Spirit   .   c - +1 hat
rElec    .         Reflect  .   i - +0 cloak
rCorr    .         Harm     .   C - +2 pair of gloves
MR       .....                  (no boots)
Stlth    ++++......             u - amulet of the acrobat
HPRegen  0.56/turn              (no ring)
MPRegen  0.11/turn              (no ring)

@: about to teleport
A: small, carnivore
a: no special abilities


You were on level 6 of the Dungeon.
You were not hungry.

You visited 1 branch of the dungeon, and saw 6 of its levels.

You collected 225 gold pieces.

Inventory:

Hand Weapons
 a - a +0 hand crossbow
 b - a +0 dagger of venom (weapon)
Armour
 c - a +1 hat (worn)
 g - a +1 troll leather armour (worn)
 i - a +0 cloak (worn)
 C - a +2 pair of gloves (worn)
Jewellery
 u - an amulet of the acrobat (around neck)
 y - an uncursed amulet of faith {unknown}
Wands
 l - a wand of flame (7)
 z - a wand of enslavement (8)
 B - a wand of polymorph (9)
Scrolls
 h - a scroll of teleportation
 j - 2 scrolls of blinking
 k - 2 scrolls of magic mapping
 o - 5 scrolls of identify
 v - a scroll of enchant weapon {unknown}
Potions
 e - a potion of curing
 m - a potion of lignification
 n - a potion of resistance {unknown}
 p - 2 potions of agility {unknown}
 q - a potion of mutation {unknown}
 r - 2 potions of might {unknown}
 s - a potion of magic {unknown}
 w - a potion of cancellation {unknown}
 x - 2 potions of heal wounds {unknown}
 A - a potion of brilliance {unknown}
Comestibles
 f - 11 rations


   Skills:
 + Level 5.0 Fighting
 + Level 6.0 Crossbows
 - Level 5.0 Dodging
 * Level 9.4 Stealth
 - Level 1.1 Spellcasting
 - Level 3.0 Hexes


You had 8 spell levels left.
You knew the following spells:

 Your Spells              Type           Power        Failure   Level  Hunger
a - Corona                Hex            #......      11%         1    ##.....

Your spell library contained the following spells:

 Spells                   Type           Power        Failure   Level  Hunger
 Slow                     Hex            #.......     16%         2    ###....
 Flame Tongue             Conj/Fire      #....        36%         1    ##.....
 Throw Flame              Conj/Fire      #.....       50%         2    ###....
 Inner Flame              Hex/Fire       #.......     52%         3    ####...
 Portal Projectile        Hex/Tloc       #.....       52%         3    ####...
 Cause Fear               Hex            #.........   71%         4    #####..
 Conjure Flame            Conj/Fire      #.......     73%         3    ####...
 Leda's Liquefaction      Hex/Erth       #.........   89%         4    #####..
 Sticky Flame             Conj/Fire      #.......     98%         4    #####..
 Fireball                 Conj/Fire      #.........   100%        5    ######.


Dungeon Overview and Level Annotations

Branches:
Dungeon (6/15)
 Temple: D:4-7

Altars:
Kikubaaqudgha
Ru
Uskayaw
Wu Jian
Xom

Shops:
D:5 %:(?

Annotations:
D:2 1 runed translucent door, Crazy Yiuf
D:4 3 runed translucent doors, Briareos's ghost, amateur DrFE


Innate Abilities, Weirdness & Mutations

You are small and have problems with some larger weapons.
You are carnivorous and can eat meat at any time.


Message History

A worker ant comes into view.
Something hits you but does no damage.
The worker ant twitches its antennae in your direction.
You hit the orc priest but do no damage.
The orc priest is poisoned.
The orc priest closely misses you.
The orc hits you with a cursed -2 flail!
* * * LOW HITPOINT WARNING * * *
Something hits you but does no damage. Something hits you but does no damage.
Items here: (( ) ? [ † The worker ant closely misses you.
The orc priest calls down the wrath of Beogh upon you.
Pain shoots through your body!
* * * LOW HITPOINT WARNING * * *
The worker ant misses you.
As you read the scroll of teleportation, it crumbles to dust.
You feel strangely unstable.
The orc priest calls down the wrath of Beogh upon you.
Beogh smites you!
You die...

#...# ###...# ..#...#
#.#...# # #.#...#
#.#+# #.#...#
....(##.#...#
.......o#@..#
.....?)o)(a(#...
......#)#..........#.
.....
#(...............
....
#(#.......#...... ...
#(#...#...#......
....
#(#.......#......
......#(#...#...#
#....###
......((........#
#.......


You could see a worker ant and an orc priest.

Vanquished Creatures
  Grinder (D:6)
  Duvessa (D:6)
  A sky beast (D:6)
  A bullfrog (D:6)
  Dowan (D:6)
  A scorpion (D:4)
  A howler monkey (D:6)
  A crimson imp (D:5)
  2 orc priests
  2 bullfrog skeletons (D:4)
  An iguana (D:4)
  5 orc wizards
  5 worker ants
  Robin (D:2)
  5 adders
  3 gnolls (D:2)
  A shadow imp (D:5)
  8 worms
  2 dart slugs
  6 leopard geckos
  24 orcs
  3 giant cockroaches
  13 hobgoblins
  5 jackals (D:2)
  A quokka (D:5)
  2 ball pythons
  4 bats
  13 frilled lizards
  12 goblins
  6 kobolds
  10 rats
142 creatures vanquished.

Vanquished Creatures (others)
  4 toadstools (D:1)
4 creatures vanquished.

Grand Total: 146 creatures vanquished

Notes
Turn   | Place    | Note
-------+----------+-------------------------------------------
     0 | D:1      | D1HalberdGnoll the Kobold Arcane Marksman began the quest
                  | for the Orb.
     0 | D:1      | Reached XP level 1. HP: 12/12 MP: 2/2
   158 | D:1      | Reached skill level 1 in Stealth
   160 | D:1      | Reached XP level 2. HP: 16/16 MP: 3/3
   539 | D:1      | Reached skill level 2 in Stealth
   730 | D:2      | Reached XP level 3. HP: 21/21 MP: 4/4
   762 | D:2      | Found a runed translucent door.
   763 | D:2      | Noticed Crazy Yiuf
   973 | D:2      | Reached skill level 3 in Stealth
   973 | D:2      | Reached XP level 4. HP: 21/26 MP: 5/5
  1054 | D:2      | HP: 1/26 [gnoll/+0 halberd (10)]
  1512 | D:2      | Noticed Robin
  1549 | D:2      | Reached XP level 5. HP: 24/30 MP: 6/6
  1565 | D:2      | Killed Robin
  1723 | D:2      | Reached skill level 4 in Stealth
  2746 | D:3      | Reached XP level 6. HP: 35/36 MP: 7/7
  3189 | D:4      | Reached skill level 5 in Stealth
  3228 | D:4      | Found a shimmering altar of Xom.
  3316 | D:4      | Found an ornate altar of the Wu Jian Council.
  3354 | D:4      | Reached XP level 7. HP: 39/41 MP: 8/8
  3401 | D:4      | Reached skill level 6 in Stealth
  3544 | D:4      | Found a runed translucent gate.
  3545 | D:4      | Found a runed translucent gate.
  3546 | D:4      | Found a runed translucent gate.
  3554 | D:4      | Noticed Briareos's ghost (amateur DrFE)
  3900 | D:4      | Found a sacrificial altar of Ru.
  4095 | D:5      | Entered Level 5 of the Dungeon
  4108 | D:5      | Found Syddusch's Weapon Emporium.
  4111 | D:5      | Found Moipted's Food Emporium.
  4113 | D:5      | Found Teoqisch's Book Emporium.
  4114 | D:5      | Found Nihun's Magic Scroll Emporium.
  4165 | D:5      | Found a hide-covered altar of Uskayaw.
  4165 | D:5      | Found an ancient bone altar of Kikubaaqudgha.
  4796 | D:6      | Reached skill level 7 in Stealth
  5024 | D:6      | Reached skill level 5 in Crossbows
  5024 | D:6      | Reached skill level 5 in Dodging
  5024 | D:6      | Reached XP level 8. HP: 38/48 MP: 9/9
  5173 | D:6      | Noticed Grinder
  5189 | D:6      | Paralysed by Grinder for 6 turns
  5202 | D:6      | Killed Grinder
  5202 | D:6      | Reached skill level 8 in Stealth
  5295 | D:6      | Noticed Duvessa
  5301 | D:6      | Noticed Dowan
  5309 | D:6      | Killed Duvessa
  5309 | D:6      | Reached skill level 9 in Stealth
  5341 | D:6      | Reached skill level 5 in Fighting
  5342 | D:6      | Killed Dowan
  5349 | D:6      | Killed from afar by an orc priest

Levels and vault maps discovered:
D:1:      ldierk_walled_garden_2, layout_basic, serial_rivers,
          chequers_serial_rivers_marsh, chequers_serial_rivers_small_b,
          chequers_serial_rivers_room_a, chequers_serial_rivers_room_a,
          chequers_serial_rivers_small_b
D:2:      kb_forest_paths, layout_basic, first_ration,
          minmay_fractal_squares_gapless_5, uniq_crazy_yiuf_cottage, uniq_robin
D:3:      layout_loops_corners, minmay_lizard_king
D:4:      layout_rooms, xom_butterflies, overflow_temple_1_default,
          nicolae_ru_path_of_blood, gup_sewer_entry_spiral,
          gammafunk_ghost_necromancy
D:5:      layout_loops_ring, gammafunk_temple_overflow_wave,
          minmay_shop_grid_forest, minmay_door_square,
          chequers_serial_rivers_micro_b
D:6:      layout_basic, uniq_eustachio, uniq_duvessa, uniq_grinder

Skill      XL: |  1  2  3  4  5  6  7  8 |
---------------+-------------------------+-----
Stealth        | 1 2 3 4 5 7 9 |  9.4
Crossbows      | 3 4 5 6 |  6.0
Dodging        | 3 4 5 |  5.0
Fighting       | 2 3 4 5 |  5.0
Spellcasting   | |  1.1
Hexes          | |  3.0

Action                   |  1- 3 |  4- 6 |  7- 9 || total
-------------------------+-------+-------+-------++-------
Melee: Dagger            |    97 |   264 |   162 ||   523
 Fire: Hand crossbow     |    20 |   148 |    98 ||   266
Throw: Throwing net      |       |       |     2 ||     2
  Use: Scroll            |       |     7 |     1 ||     8
       Potion            |       |       |     3 ||     3
 Stab: Sleeping          |     4 |     4 |     4 ||    12
       Distracted        |       |     1 |     1 ||     2
       Held in net/web   |       |       |     1 ||     1
  Eat: Chunk             |     1 |    14 |     1 ||    16
Armor: Troll leather arm |    23 |    95 |    50 ||   168
       Skin              |       |       |    48 ||    48
Dodge: Dodged            |    71 |   288 |   171 ||   530

Table legend:
 A = Non-vault XP
 B = Vault XP
 C = Vault XP percentage of total XP
 D = Non-vault monster count
 E = Vault monster count
 F = Vault count percentage of total count
                 A         B        C        D         E       F
            +---------+---------+-------+---------+---------+-------
      Total |    1229 |     609 |  33.1 |     105 |      37 |  26.1
            +---------+---------+-------+---------+---------+-------
        D:1 |      26 |       0 |   0.0 |      18 |       0 |   0.0
        D:2 |     100 |      79 |  44.1 |      21 |      22 |  51.2
        D:3 |     104 |       8 |   7.1 |      23 |       6 |  20.7
        D:4 |     435 |      20 |   4.4 |      21 |       6 |  22.2
        D:5 |      94 |       0 |   0.0 |       5 |       0 |   0.0
        D:6 |     470 |     502 |  51.6 |      17 |       3 |  15.0
            +---------+---------+-------+---------+---------+-------
